 Dungeon Crawl Stone Soup version 0.30-a0-930-gb9d0489357 (webtiles) character file.

Game seed: 353584783173659146

749 bobarctor the Thaumaturge (level 7, 0/36 HPs)
             Began as a Deep Elf Necromancer on Mar 23, 2023.
             Killed by divine providence
             ... invoked by an orc priest
              (15 damage)
             ... on level 3 of the Dungeon.
             The game lasted 00:19:42 (3700 turns).

bobarctor the Thaumaturge (Deep Elf Necromancer)    Turns: 3700, Time: 00:19:43

Health: 0/36       AC:  3    Str:  5    XL:     7   Next: 48%
Magic:  9/21       EV: 13    Int: 22    God:
Gold:   162        SH:  0    Dex: 15    Spells: 9/23 levels left

rFire   . . .      SeeInvis .    D - +2 dagger (venom)
rCold   . . .      Faith    .    (no shield)
rNeg    . . .      Spirit   .    a - +0 robe
rPois   .          Reflect  .    (no helmet)
rElec   .          Rampage  .    (no cloak)
rCorr   .                        (no gloves)
Will    .....                    j - +0 pair of boots
Stlth   +++                      (no amulet)
HPRegen 0.26/turn                (no ring)
MPRegen 0.17/turn                (no ring)

@: no status effects
A: no striking features
a: no special abilities


You were on level 3 of the Dungeon.
You visited 1 branch of the dungeon, and saw 3 of its levels.

You collected 162 gold pieces.

Inventory:

Hand Weapons
 f - a +0 hand axe
 i - a +0 short sword
 p - a +1 vampiric dagger
 y - a +0 spear of freezing
 B - a +2 short sword of freezing
 D - a +2 dagger of venom (weapon)
Missiles
 h - 12 poisoned darts
Armour
 a - a +0 robe (worn)
 j - a +0 pair of boots (worn)
 z - a +1 helmet
Jewellery
 t - an amulet of faith
Wands
 o - a wand of digging (3)
 v - a wand of paralysis (6)
Scrolls
 c - 2 scrolls of vulnerability {unknown}
 g - 2 scrolls of teleportation {unknown}
 k - a scroll of brand weapon {unknown}
 m - a scroll of magic mapping {unknown}
 q - 2 scrolls of noise {unknown}
 r - 2 scrolls of identify {unknown}
 x - a scroll of torment {unknown}
Potions
 b - a potion of magic
 d - 2 potions of heal wounds {unknown}
 e - a potion of curing
 l - 2 potions of berserk rage {unknown}
 n - 2 potions of brilliance {unknown}
 s - a potion of degeneration {unknown}
 u - 5 potions of cancellation {unknown}
 w - 2 potions of lignification {unknown}
 A - a potion of mutation {unknown}
 C - a potion of ambrosia {unknown}
 E - a potion of haste {unknown}


   Skills:
 + Level 3.0 Dodging
 + Level 3.9 Stealth
 * Level 8.8 Spellcasting
 + Level 7.4 Necromancy


You had 9 spell levels left.
You knew the following spells:

 Your Spells              Type           Power      Damage    Failure   Level
a - Necrotise             Necr           100%       1d9       1%          1
b - Vampiric Draining     Necr           42%        2d9       1%          3
c - Animate Dead          Necr           42%        N/A       3%          4
d - Agony                 Necr           42%        N/A       9%          5
e - Foxfire               Conj/Fire      36%        2x1d5     7%          1

Your spell library contained the following spells:

 Spells                   Type           Power      Damage    Failure   Level
 Fireball                 Conj/Fire      4%         3d4       88%         5
 Starburst                Conj/Fire      4%         6d4       100%        6


Dungeon Overview and Level Annotations

Branches:
Dungeon (3/15)

Altars:
Makhleb
Sif Muna

Shops:
D:3 (


Message History

You draw life force from the orc.
You feel life coursing into your body.
Your reaping aura is weakening.
The orc closely misses you. The orc barely misses you.
Casting: Vampiric Draining (safe; 1% risk of failure)
Confirm with . or Enter, or press ? or * to list all spells.
Aiming: Vampiric Draining (safe; 1% risk of failure)
Press: ? - help, Shift-Dir - straight line, f/p - orc
Aim: an orc, wielding a +0 falchion and wearing a +0 leather armour (moderately wounded)
You draw life force from the orc!
You kill the orc!
You feel life coursing into your body.
The dead are walking!
The orc hits you from afar with a +0 trident.
Your orc zombie closely misses the orc.
The orc hits your orc zombie with a +0 trident.
The orc hits your orc zombie with a +0 trident!
Your orc zombie is destroyed!
Your reaping aura expires.
Aiming: Necrotise (safe; 1% risk of failure)
Press: ? - help, Q - select action, (/) - cycle Shift-Dir - straight line, f - orc
Aim: an orc, wielding a +0 trident (ally target, chance to affect: 93%)
The orc writhes in agony.
You kill the orc!
The dead are walking!
Something hits your orc wizard zombie.
Your orc wizard zombie closely misses the orc priest.
The orc priest hits your orc wizard zombie with a +0 dagger.
Your orc wizard zombie closely misses the orc priest.
The orc priest hits your orc wizard zombie with a +0 dagger.
Your orc wizard zombie hits the orc priest.
The orc priest barely misses your orc wizard zombie.
The orc priest hits your orc wizard zombie with a +0 dagger.
Your orc wizard zombie barely misses the orc priest.
The orc priest hits your orc wizard zombie with a +0 dagger.
Your orc wizard zombie hits the orc priest.
The orc priest hits your orc wizard zombie with a +0 dagger.
Your orc wizard zombie barely misses the orc priest.
The orc priest closely misses your orc wizard zombie.
Your orc wizard zombie barely misses the orc priest.
The orc priest invokes the aid of Beogh against you.
Beogh smites you!
You die...

#.......#
#.##.##.#
#.......#
#.##.##.#
###.....>.#
#....o).#
......#####
####Z#### #####.#
#Z# #####.#######
#.# ...##.......#
#.# ##.##.#####.#
#.#
##.##.#####.####@#
..)Z..##.........#
##.......##.######
####.#####.#
#.......#
#########


You could see an orc priest (ally target), a friendly orc wizard zombie and a
friendly orc skeleton.

Vanquished Creatures
  Grinder (D:3)
  Sigmund (D:3)
  A kobold brigand (D:3)
  2 orc priests (D:3)
  Jessica (D:3)
  4 orc wizards (D:3)
  Ijyb (D:3)
  Robin (D:3)
  A gnoll (D:1)
  2 adders
  2 worms (D:2)
  2 dart slugs
  8 orcs (D:3)
  8 bats
  An endoplasm (D:2)
  4 giant cockroaches
  13 goblins
  9 hobgoblins
  3 jackals (D:2)
  10 kobolds
  2 quokkas
  3 ball pythons (D:1)
  4 frilled lizards
  5 rats
89 creatures vanquished.

Vanquished Creatures (collateral kills)
  2 hobgoblins
  A jackal (D:2)
  2 kobolds
5 creatures vanquished.

Vanquished Creatures (others)
  A goblin zombie (D:3)
  3 orc zombies (D:3)
  A hobgoblin zombie (D:3)
5 creatures vanquished.

Grand Total: 99 creatures vanquished

Notes
Turn   | Place    | Note
-------+----------+-------------------------------------------
     0 | D:1      | bobarctor the Deep Elf Necromancer began the quest for the
                  | Orb.
     0 | D:1      | Reached XP level 1. HP: 10/10 MP: 6/6
    98 | D:1      | Reached skill level 5 in Necromancy
   195 | D:1      | Reached XP level 2. HP: 15/15 MP: 4/8
   420 | D:1      | Reached XP level 3. HP: 19/19 MP: 0/10
   601 | D:1      | Reached skill level 4 in Spellcasting
  1283 | D:2      | Learned a level 3 spell: Vampiric Draining
  1682 | D:2      | Reached XP level 4. HP: 24/24 MP: 8/12
  1934 | D:3      | Noticed Sigmund
  1960 | D:3      | Killed Sigmund
  1961 | D:3      | Reached skill level 6 in Spellcasting
  1961 | D:3      | Reached XP level 5. HP: 9/28 MP: 5/16
  2118 | D:3      | Found Fixto's Weapon Emporium.
  2150 | D:3      | Noticed Grinder
  2187 | D:2      | Learned a level 4 spell: Animate Dead
  2339 | D:3      | Noticed Ijyb
  2353 | D:3      | Paralysed by Ijyb for 2 turns
  2357 | D:3      | Paralysed by Ijyb for 3 turns
  2360 | D:3      | Killed Ijyb
  2472 | D:3      | Your ally Ijyb died
  2523 | D:3      | Reached XP level 6. HP: 32/32 MP: 13/17
  2621 | D:3      | Noticed Robin
  2643 | D:3      | Killed Robin
  2700 | D:3      | Learned a level 5 spell: Agony
  2702 | D:3      | Learned a level 1 spell: Foxfire
  2858 | D:3      | Noticed Jessica
  2863 | D:3      | Killed Jessica
  2864 | D:3      | Reached skill level 7 in Spellcasting
  2933 | D:3      | Found a burning altar of Makhleb.
  2933 | D:3      | Noticed a cacodemon
  3202 | D:3      | Killed Grinder
  3203 | D:3      | Reached skill level 8 in Spellcasting
  3203 | D:3      | Reached XP level 7. HP: 32/36 MP: 18/20
  3264 | D:3      | Found a faded altar of an unknown god.
  3323 | D:3      | Found a shimmering blue altar of Sif Muna.
  3700 | D:3      | Killed from afar by an orc priest

Illustrated notes

Levels and vault maps discovered:
D:1:      ebering_trefoil_twist, layout_basic
D:2:      layout_basic
D:3:      cheibrodos_thug_alley, layout_loops_cross,
          nicolae_overflow_ecumenical_swirl, makhleb_altar_promises_db,
          serial_shops, shop, kennysheep_orc_chapel, uniq_robin, uniq_jessica,
          uniq_grinder, uniq_sigmund, uniq_ijyb

Skill      XL: |  1  2  3  4  5  6  7 |
---------------+----------------------+-----
Necromancy     | 5 6 7 |  7.4
Spellcasting   | 4 6 8 |  8.8
Stealth        | 3 |  3.9
Dodging        | 3 |  3.0

Action                     |  1- 3 |  4- 6 |  7- 9 || total
---------------------------+-------+-------+-------++-------
  Melee: Dagger            |    14 |    50 |    23 ||    87
         Short sword       |     6 |    12 |     1 ||    19
         Punch             |       |     2 |       ||     2
   Cast: Necrotise         |    64 |    53 |     6 ||   123
         Vampiric Draining |       |    12 |     9 ||    21
         Animate Dead      |       |     1 |     2 ||     3
  Evoke: Wand              |       |     2 |       ||     2
    Use: Potion            |       |     1 |       ||     1
   Stab: Sleeping          |       |     1 |       ||     1
         Paralysed         |       |     4 |       ||     4
         Distracted        |       |     1 |       ||     1
 Armour: Robe              |    15 |    21 |     3 ||    39
  Dodge: Dodged            |    13 |    45 |    26 ||    84

Table legend: (Time is in decaauts)
 A = Elapsed time spent in this place.
 B = Non-inter-level travel time spent in this place.
 C = Inter-level travel time spent in this place.
 D = Time resting spent in this place.
 E = Time spent auto-exploring this place.
 F = Levels seen in this place.
 G = Mean time per level.
                   A        B        C        D        E       F      G
               +--------+--------+--------+--------+--------+-----+--------+
         Total |   3703 |   3634 |     69 |    499 |   2326 |   3 | 1234.3 |
       Dungeon |   3703 |   3634 |     69 |    499 |   2326 |   3 | 1234.3 |
               +--------+--------+--------+--------+--------+-----+--------+

Top non-repeatable levels by time:
     D:3: 1651 daAuts
     D:2: 1220 daAuts
     D:1: 831 daAuts
